 Dungeon Crawl Stone Soup version 0.29.1-15-g9cfb28693d (webtiles) character file.

Game seed: 15303793054207448637

29863 cdecastro the Severer (level 13, -9/125 HPs)
             Began as a Hill Orc Fighter on Feb 21, 2023.
             Was an Elder of the Shining One.
             Killed from afar by Azrael (10 damage)
             ... with a bolt of fire
             ... on level 13 of the Dungeon on Feb 23, 2023.
             The game lasted 00:41:43 (17902 turns).

cdecastro the Severer (Hill Orc Fighter)           Turns: 17902, Time: 00:41:44

Health: -9/125     AC: 29    Str: 24    XL:     13   Next: 48%
Magic:  8/20       EV:  7    Int:  8    God:    the Shining One [****..]
Gold:   1447       SH:  0    Dex: 10    Spells: 12/12 levels left

rFire   . . .      SeeInvis .   a - +2 war axe (flame)
rCold   . . .      Faith    .   (no shield)
rNeg    + + .      Spirit   .   q - +0 plate armour
rPois   .          Reflect  .   U - +1 helmet
rElec   .          Harm     .   W - +0 cloak
rCorr   .          Rampage  .   x - +0 pair of gloves
Will    .....                   M - +0 pair of boots
Stlth   ..........              (no amulet)
HPRegen 0.30/turn               y - +4 ring of protection
MPRegen 0.17/turn               e - +4 ring of protection

@: glowing
A: no striking features
a: Renounce Religion, Divine Shield, Cleansing Flame


You were on level 13 of the Dungeon.
You worshipped the Shining One.
The Shining One was greatly pleased with you.
You visited 1 branch of the dungeon, and saw 13 of its levels.
You also visited: Ossuary.

You collected 1447 gold pieces.

Inventory:

Hand Weapons
 a - a +2 war axe of flaming (weapon)
 b - the +9 whip "Rusaeb" {protect, *Corrode rF+ Str+5}
   (You found it on level 3 of the Dungeon)

   It grants its wielder temporary protection when it strikes (+7 to AC).
   Str:       It affects your strength (+5).
   rF:        It protects you from fire.
   *Corrode:  It may corrode you when you take damage.
 I - a +2 vorpal mace
 T - a +0 battleaxe
Missiles
 u - 4 silver javelins (quivered)
 E - 4 boomerangs
 F - 2 boomerangs of dispersal
 N - 16 poisoned darts
 O - 6 atropa-tipped darts
 S - 6 javelins
Armour
 c - a +0 buckler
 q - a +0 plate armour (worn)
 x - a +0 pair of gloves (worn)
 B - a +0 ring mail of willpower
 M - a +0 pair of boots (worn)
 U - a +1 helmet (worn)
 W - a +0 cloak (worn)
Magical Staves
 A - a staff of air
 Z - a staff of earth
Jewellery
 e - a +4 ring of protection (right hand)
 m - a ring of flight
 p - a ring of magical power
 y - a +4 ring of protection (left hand)
 D - a ring of wizardry
 L - a ring of ice
Wands
 f - a wand of mindburst (9)
 k - a wand of quicksilver (2)
 r - a wand of charming (9)
 s - a wand of iceblast (14)
 H - a wand of flame (11)
Scrolls
 g - 4 scrolls of enchant weapon
 h - 3 scrolls of immolation
 i - 4 scrolls of enchant armour
 j - 2 scrolls of fear
 l - 3 scrolls of teleportation
 n - 3 scrolls of blinking
 o - a scroll of fog
 t - 4 scrolls of summoning
 w - a scroll of brand weapon
 G - 4 scrolls of vulnerability
 P - a scroll of silence
 Q - 2 scrolls of amnesia
 X - 2 scrolls of identify
 Y - 2 scrolls of poison
Potions
 d - 6 potions of curing
 v - 5 potions of haste
 z - 4 potions of flight
 C - 4 potions of mutation
 J - 3 potions of ambrosia
 K - a potion of resistance
 R - 2 potions of cancellation
 V - a potion of brilliance


   Skills:
 + Level 14.9 Fighting
 - Level 20.0 Axes
 - Level 10.0 Armour
 - Level 3.2 Shields
 - Level 10.0 Invocations


You had 12 spell levels left.
You didn't know any spells.
Your spell library contained the following spells:

 Spells                   Type           Power      Damage    Failure   Level
 Necrotise                Necr           0%         1d4       99%         1
 Ensorcelled Hibernation  Hex/Ice        0%         N/A       100%        2
 Passwall                 Tmut/Erth      0%         N/A       100%        2
 Static Discharge         Conj/Air       0%         3-3/arc   100%        2
 Gell's Gravitas          Tloc           0%         N/A       100%        3
 Swiftness                Air            0%         N/A       100%        3
 Teleport Other           Tloc           0%         N/A       100%        3
 Vampiric Draining        Necr           0%         2d6       100%        3
 Petrify                  Tmut/Erth      0%         N/A       100%        4
 Agony                    Necr           0%         N/A       100%        5
 Lightning Bolt           Conj/Air       0%         1d11      100%        5
 Metabolic Englaciation   Hex/Ice        0%         N/A       100%        5
 Dispersal                Tloc           0%         N/A       100%        6
 Statue Form              Tmut/Erth      0%         N/A       100%        6
 Maxwell's Capacitive Co  Air            0%         ∞         100%        8


Dungeon Overview and Level Annotations

Branches:
Dungeon (13/15)            Temple (0/1) D:6            Lair (0/5) D:9
    Orc (0/2) D:9         Ossuary (visited)
 Vaults: D:13-14

Altars:
Elyvilon
Fedhas
Gozag
Kikubaaqudgha
Nemelex Xobeh
Qazlal
Ru
Sif Muna
Vehumet
Xom
The Shining One

Shops:
D:5 [:

Annotations:
D:5 4 runed translucent doors, Dowan; Duvessa; Ijyb
D:13 Azrael


Message History

Unknown command.
Aiming: Mindburst
Press: ? - help, Shift-Dir - straight line, f - boulder beetle
Aim: a boulder beetle (severely wounded, haloed, chance to affect: 47%)
The boulder beetle resists with some effort.
The boulder beetle curls into a ball and begins rolling!
Unknown command.
Aiming: Mindburst
Press: ? - help, Shift-Dir - straight line, f/p - boulder beetle
Aim: a boulder beetle (severely wounded, rolling, haloed, chance to affect: 47%)
The boulder beetle's mind is blasted!
Unknown command.
Aiming: Mindburst
Press: ? - help, Shift-Dir - straight line, f/p - boulder beetle
Aim: a boulder beetle (almost dead, rolling, haloed, chance to affect: 47%)
Okay, then.
Unknown command.
You hit the boulder beetle but do no damage.
The boulder beetle is almost dead.
The boulder beetle hits you.
* * * LOW HITPOINT WARNING * * *
The boulder beetle stops rolling and uncurls.
Unknown command.
You slash the boulder beetle! You burn the boulder beetle.
You kill the boulder beetle!
Unknown command.
A hell hound comes into view.
The hell hound barks!
Azrael and a hell hound come into view.
Azrael is wielding a +2 scimitar of flaming.
The hell hound barks!
The hell hound bites you!
* * * LOW HITPOINT WARNING * * *
The hell hound closely misses you.
The hell hound attacks as you move away!
The hell hound barely misses you. The hell hound bites you!
* * * LOW HITPOINT WARNING * * *
Azrael gestures at you. The bolt of fire hits you!
You die...

.# #...........# #..# #..# #
#...........# #..# #..#
#...........# #..# #..#
#......[....# #..# #..#
#......)..[.# #..# #..###
.######...........###..#####.....
...............<)................
.......÷########............#####
######..# #@...........# #..#
#hh.R..○.....# #..#
#....☼.......# #..#
#..[.........#
######..########............#
............z..z............#####
.................................
.#####................###........
.# #................# #..######


You could see Azrael, a skeletal warrior and 2 hell hounds.

Vanquished Creatures
  Josephine (D:12)
  The ghost of bjubeck the Fighter, a journeyman MiBe of Trog (D:11)
  3 boulder beetles
  3 hydras (D:12)
  Harold (D:9)
  A catoblepas (D:13)
  4 two-headed ogres
  Urug (D:10)
  Lodul (D:9)
  3 skeletal warriors (D:13)
  A deep elf pyromancer (D:13)
  2 ugly things (D:12)
  The ghost of croobank the Covert, a novice OpDe (D:8)
  2 manticores
  A gargoyle (D:12)
  2 komodo dragons (D:12)
  3 unseen horrors
  3 trolls
  The ghost of Ast3rio the Trooper, an amateur HOFi of Beogh (D:6)
  A meliai (shapeshifter) (D:11)
  Sigmund (D:3)
  A vampire (D:10)
  A shadow (D:8)
  A wyvern (D:8)
  6 wraiths
  10 yaks
  Grum (D:10)
  A fire elemental (D:13)
  2 basilisks
  The ghost of Wobber the Changer, an amateur OpTm (D:4)
  3 water moccasins
  2 acid dragons
  A hell hound (D:13)
  5 orc warriors
  5 ice beasts
  A black bear (D:6)
  A sky beast (D:7)
  8 ogres
  4 wolves
  10 centaurs
  A phantom (D:5)
  2 kobold brigands
  3 bullfrogs
  A gnoll sergeant (D:4)
  A necrophage (D:4)
  9 wights
  16 killer bees
  11 howler monkeys
  A centaur zombie (D:4)
  11 hounds
  8 orc priests
  A bullfrog skeleton (D:4)
  A centaur skeleton (D:4)
  3 gnoll boudas
  An iguana (D:6)
  17 orc wizards
  3 mummies (Ossuary)
  34 gnolls
  8 adders
  3 shadow imps
  2 worms
  A dart slug (D:1)
  57 orcs
  5 endoplasms
  9 giant cockroaches
  3 goblins
  8 hobgoblins
  18 jackals
  16 kobolds
  2 quokkas
  6 ball pythons
  3 bats
  A frilled lizard (D:3)
  A gnoll zombie (Ossuary)
  3 goblin zombies (Ossuary)
  3 hobgoblin zombies (Ossuary)
  3 kobold zombies (Ossuary)
  An orc zombie (Ossuary)
  8 rats
  A butterfly (D:6)
387 creatures vanquished.

Vanquished Creatures (others)
  9 plants
  5 withered plants
14 creatures vanquished.

Grand Total: 401 creatures vanquished

Notes
Turn   | Place    | Note
-------+----------+-------------------------------------------
     0 | D:1      | cdecastro the Hill Orc Fighter began the quest for the Orb.
     0 | D:1      | Reached XP level 1. HP: 19/19 MP: 1/1
    72 | D:1      | Reached skill level 3 in Axes
    95 | D:1      | Reached XP level 2. HP: 26/26 MP: 2/2
   293 | D:1      | Reached skill level 4 in Axes
   982 | D:2      | Reached XP level 3. HP: 31/31 MP: 3/3
  1175 | D:2      | Reached skill level 5 in Axes
  1308 | D:2      | Identified the +1 dagger "Uvoacy" {flame, rElec rF+ rC+
                  | Int+2}
  1427 | D:2      | Found a faded altar of an unknown god.
  1625 | D:3      | Reached XP level 4. HP: 29/39 MP: 4/4
  1711 | D:3      | Reached skill level 6 in Axes
  2215 | D:3      | Noticed Sigmund
  2224 | D:3      | Killed Sigmund
  2225 | D:3      | Reached skill level 8 in Axes
  2225 | D:3      | Reached XP level 5. HP: 24/45 MP: 5/5
  2225 | D:3      | Reached XP level 6. HP: 28/51 MP: 6/6
  2426 | D:3      | Identified the +9 whip "Rusaeb" {protect, *Corrode rF+
                  | Str+5}
  3117 | D:4      | Found a runed translucent gate.
  3117 | D:4      | Found a runed translucent gate.
  3117 | D:4      | Found a runed translucent gate.
  3126 | D:4      | Noticed Wobber's ghost (amateur OpTm)
  3149 | D:4      | Reached skill level 9 in Axes
  3171 | D:4      | Found a shimmering altar of Xom.
  3741 | D:4      | Reached XP level 7. HP: 45/57 MP: 7/7
  3864 | D:4      | Found a glowing golden altar of the Shining One.
  3865 | D:4      | Found an opulent altar of Gozag.
  4047 | D:4      | Became a worshipper of the Shining One
  4171 | D:4      | Reached skill level 10 in Axes
  4603 | D:4      | Reached skill level 5 in Fighting
  4841 | D:4      | Reached XP level 8. HP: 38/71 MP: 8/8
  5380 | D:4      | Killed Wobber's ghost
  5511 | D:5      | Entered Level 5 of the Dungeon
  5511 | D:5      | Found Tamp's Book Boutique.
  6049 | D:5      | Found a large runed translucent door.
  6049 | D:5      | Noticed a two-headed ogre
  6049 | D:5      | Noticed Duvessa
  6049 | D:5      | Reached * piety under the Shining One
  6049 | D:5      | Noticed Dowan
  6049 | D:5      | Noticed a two-headed ogre
  6052 | D:5      | Found a large runed translucent door.
  6054 | D:5      | Noticed Ijyb
  6061 | D:5      | Found a large runed translucent door.
  6061 | D:5      | Found a large runed translucent door.
  6092 | D:5      | Noticed an unseen horror
  6112 | D:5      | Killed an unseen horror
  6113 | D:5      | Reached skill level 10 in Fighting
  6300 | D:5      | Found Luoxtu Unim's Armour Shoppe.
  6423 | D:5      | Reached skill level 11 in Axes
  6423 | D:5      | Reached XP level 9. HP: 85/85 MP: 9/9
  6440 | D:5      | Noticed an unseen horror
  6449 | D:5      | Killed an unseen horror
  6711 | D:6      | Found a staircase to the Ecumenical Temple.
  6910 | D:6      | Reached skill level 5 in Invocations
  6979 | D:6      | Reached skill level 12 in Axes
  7042 | D:6      | Found an ancient bone altar of Kikubaaqudgha.
  7085 | D:6      | Noticed Ast3rio's ghost (amateur HOFi)
  7094 | D:6      | Found a runed translucent gate.
  7094 | D:6      | Found a runed translucent gate.
  7274 | D:6      | Found a runed translucent gate.
  7428 | D:6      | Reached ** piety under the Shining One
  7770 | D:6      | Reached skill level 18 in Axes
  7770 | D:6      | Reached XP level 10. HP: 93/93 MP: 13/13
  8699 | D:7      | Found a stormy altar of Qazlal.
  8727 | D:7      | Reached skill level 5 in Armour
  8727 | D:7      | Reached XP level 11. HP: 99/99 MP: 14/14
  9559 | D:8      | Found a sand-covered staircase.
  9564 | Ossuary  | Entered an ossuary
  9649 | Ossuary  | Reached *** piety under the Shining One
 10033 | D:8      | Found a shimmering blue altar of Sif Muna.
 10098 | D:8      | Found a blossoming altar of Fedhas.
 10205 | D:8      | Noticed croobank's ghost (novice OpDe)
 10206 | D:8      | Found a transporter.
 10212 | D:8      | Found a transporter.
 10231 | D:8      | Noticed a two-headed ogre
 10427 | D:8      | Noticed a manticore
 10432 | D:8      | Killed a manticore
 10824 | D:9      | Noticed a two-headed ogre
 10824 | D:9      | Reached **** piety under the Shining One
 10830 | D:9      | Killed a two-headed ogre
 11107 | D:9      | Found a staircase to the Lair.
 11221 | D:9      | Noticed Harold
 11445 | D:9      | Found a staircase to the Orcish Mines.
 11533 | D:9      | You fall into a shaft and drop 3 floors!
 11547 | D:12     | Noticed a boulder beetle
 11561 | D:12     | Noticed a seven-headed hydra
 11573 | D:12     | Killed a two-headed hydra
 11615 | D:12     | Noticed a four-headed hydra
 11629 | D:12     | Killed a one-headed hydra
 11630 | D:12     | Reached skill level 10 in Armour
 11898 | D:11     | Noticed a two-headed ogre
 11921 | D:11     | Killed a two-headed ogre
 11989 | D:11     | Found a runed translucent door.
 11990 | D:11     | Noticed bjubeck's ghost (journeyman MiBe)
 12021 | D:10     | Entered Level 10 of the Dungeon
 12243 | D:9      | Killed Harold
 12244 | D:9      | Reached XP level 12. HP: 92/106 MP: 16/18
 12572 | D:10     | Noticed Urug
 12589 | D:10     | Killed Urug
 12594 | D:10     | Reached skill level 10 in Invocations
 12687 | D:10     | Found a sacrificial altar of Ru.
 12699 | D:10     | Found a radiant altar of Vehumet.
 12733 | D:10     | Found a white marble altar of Elyvilon.
 12757 | D:10     | Noticed Grum
 12830 | D:10     | Killed Grum
 12918 | D:10     | Noticed a two-headed ogre
 12929 | D:10     | Killed a two-headed ogre
 13154 | D:10     | Reached skill level 19 in Axes
 13155 | D:10     | Noticed Lodul
 14241 | D:9      | Killed Lodul
 14665 | D:11     | Reached skill level 20 in Axes
 14765 | D:11     | Found a sparkling altar of Nemelex Xobeh.
 15194 | D:6      | Killed Ast3rio's ghost
 15384 | D:6      | Identified the +7 great sword "Hellblazer" {vamp, rPois rF+
                  | Int+6 Dex-5}
 15509 | D:8      | Killed croobank's ghost
 15512 | D:8      | Killed a two-headed ogre
 16112 | D:11     | Killed bjubeck's ghost
 16451 | D:12     | Noticed a six-headed hydra
 16458 | D:12     | Killed a one-headed hydra
 16459 | D:12     | Reached XP level 13. HP: 104/119 MP: 20/20
 16902 | D:12     | Upgraded the game from 0.29.1-14-g9c671dbff4 to
                  | 0.29.1-15-g9cfb28693d
 16950 | D:13     | Noticed Josephine
 16965 | D:12     | Killed Josephine
 17898 | D:13     | Noticed Azrael
 17902 | D:13     | HP: 1/125 [hell hound[Azrael] (9)]
 17902 | D:13     | Killed from afar by Azrael

Illustrated notes

Levels and vault maps discovered:
D:1:      mrwooster_arrival_statue_3, layout_basic, serial_park_tiny_pond
D:2:      layout_rooms, shapermc_ecumenical_altar_flowoftime
D:3:      layout_basic, uniq_sigmund
D:4:      lemuel_castle_with_subvaults [lemuel_castle_interior_carwin_3],
          layout_loops_ring, mainiacjoe_overflow_small_starburst,
          chequers_temple_overflow_statue_of_worship,
          gammafunk_ghost_necromancy, dreamdust_princess_bridge,
          kennysheep_generic_room_11
D:5:      layout_gridville, serial_shops, nicolae_square_shop, shop,
          minmay_hollow_rounded_squares, uniq_ijyb, uniq_duvessa
D:6:      layout_basic, kiku_gazebo_garden_becter,
          minmay_temple_entry_butterflies, gammafunk_ghost_split
D:7:      nicolae_cairo_tiling_large, layout_basic,
          mainiacjoe_overflow_24_doors, kennysheep_flooded_box, st_stairs_1,
          kennysheep_small_circle
D:8:      minmay_cornered_nines, layout_loops_ring, fedhas_altar_1,
          lemuel_blue_sif_altar, gammafunk_ghost_arena, enter_ossuary_5
D:9:      layout_roguey, erik_lair_island, david_orc_2, uniq_harold
D:10:     layout_basic, vehumet_altar_wand_db, nicolae_elyvilon_temple_path,
          nicolae_ru_great_annihilating_truth, uniq_urug, uniq_lodul, uniq_grum
D:11:     layout_cave_pools, gammafunk_ghost_grave, nemelex_diamond_rough_becter
D:12:     layout_cave_pools
D:13:     layout_small_grid, uniq_josephine, uniq_azrael

Skill      XL: |  1  2  3  4  5  6  7  8  9 10 11 12 13 |
---------------+----------------------------------------+-----
Axes           | 3 4 5 8 9 10 11 18 20 | 20.0
Fighting       | 6 10 12 14 | 14.9
Invocations    | 5 8 10 | 10.0
Armour         | 5 10 | 10.0
Shields        | |  3.2

Action                   |  1- 3 |  4- 6 |  7- 9 | 10-12 | 13-15 || total
-------------------------+-------+-------+-------+-------+-------++-------
Melee: War axe           |    84 |    50 |    43 |   473 |   114 ||   764
       Whip              |       |    67 |   234 |    27 |       ||   328
       Punch             |       |     1 |     2 |    12 |     5 ||    20
Invok: Divine Shield     |       |       |       |     6 |       ||     6
       Cleansing Flame   |       |       |       |       |     4 ||     4
Evoke: Wand              |       |       |       |     1 |     2 ||     3
  Use: Potion            |       |     1 |     2 |     3 |       ||     6
       Scroll            |       |       |    11 |    19 |     1 ||    31
Armor: Scale mail        |    38 |       |       |       |       ||    38
       Plate armour      |    16 |    93 |   174 |   365 |    58 ||   706
Dodge: Dodged            |    38 |    55 |   105 |   151 |    34 ||   383
Block: Other             |       |       |       |    11 |       ||    11
